 Dungeon Crawl Stone Soup version 0.29.1-12-g30fa7ad0bf (webtiles) character file.

Game seed: 8674601342939704097

23172 GeoRichter the Frost Mage (level 13, -2/132 HPs)
             Began as an Octopode Ice Elementalist on Dec 13, 2022.
             Was an Initiate of Gozag.
             Slain by a komodo dragon (7 damage)
             ... on level 4 of the Lair of Beasts.
             The game lasted 00:56:36 (23051 turns).

GeoRichter the Frost Mage (OpIE)                   Turns: 23051, Time: 00:56:37

Health: -2/132     AC:  1    Str: 13    XL:     13   Next: 5%
Magic:  0/26       EV: 16    Int: 21    God:    Gozag
Gold:   1064       SH:  0    Dex: 14    Spells: 18/30 levels left

rFire   . . .      SeeInvis .   (no weapon)
rCold   . . .      Faith    .   (no shield)
rNeg    + . .      Spirit   +   (helmet restricted)
rPois   .          Reflect  .   r - amulet of guardian spirit
rElec   .          Harm     .   h - ring of positive energy
rCorr   .          Rampage  .   a - +6 ring of strength
Will    .....                   (no ring)
Stlth   ..........              (no ring)
HPRegen 0.32/turn               (no ring)
MPRegen 0.20/turn               (no ring)
                                (no ring)
                                (no ring)

@: berserking (expiring), very slightly contaminated, very quick
A: almost no armour, amphibious, 8 rings, camouflage 1, gelatinous body 1,
(nimble swimmer 1), tentacles
a: Renounce Religion, Potion Petition, Call Merchant, Bribe Branch


You were on level 4 of the Lair of Beasts.
You worshipped Gozag.
Gozag was most pleased with you.
You visited 3 branches of the dungeon, and saw 14 of its levels.
You also visited: Ossuary and Bailey.

You collected 2542 gold pieces.
You paid 1478 gold pieces to Gozag.

Inventory:

Hand Weapons
 B - a +4 rapier of venom
   (You took it off Eustachio on level 4 of the Dungeon)
Missiles
 t - 33 poisoned darts
Magical Staves
 e - a staff of earth
   (You found it on level 1 of the Dungeon)
Jewellery
 a - a +6 ring of strength (right tentacle)
   (You found it on level 4 of the Lair of Beasts)
 h - a ring of positive energy (left tentacle)
   (You found it on level 6 of the Dungeon)
 j - a ring of fire
   (You found it on level 2 of the Dungeon)
 r - an amulet of guardian spirit (around mantle)
   (You found it on level 6 of the Dungeon)
Wands
 x - a wand of roots (5)
   (You took it off Grinder on level 3 of the Dungeon)
 y - a wand of charming (6)
   (You found it on level 6 of the Dungeon)
Scrolls
 c - 2 scrolls of summoning
 g - 8 scrolls of enchant armour
 i - 3 scrolls of vulnerability {!r}
 l - a scroll of poison {!r}
 n - a scroll of fear
 p - 5 scrolls of teleportation {@r4}
 q - 2 scrolls of magic mapping
 u - a scroll of fog
 A - a scroll of amnesia {unknown}
 D - a scroll of blinking
Potions
 d - 2 potions of lignification {!q}
 f - a potion of haste {@q3}
 k - 2 potions of curing {@q1}
 m - a potion of brilliance
 o - a potion of resistance
 s - 3 potions of ambrosia
 v - 5 potions of mutation {!q}
 w - 4 potions of attraction {!q}
 z - 2 potions of cancellation
 C - a potion of invisibility


   Skills:
 + Level 8.0 Fighting
 + Level 8.2 Dodging
 - Level 10.0 Stealth
 + Level 9.1 Spellcasting
 * Level 9.6 Summonings
 + Level 5.1 Translocations
 - Level 10.3 Ice Magic


You had 18 spell levels left.
You knew the following spells:

 Your Spells              Type           Power      Damage    Failure   Level
a - Freeze                Ice            100%       1d11      1%          1
b - Frozen Ramparts       Ice            100%       1d16      1%          3
c - Ozocubu's Armour      Ice            52%        N/A       1%          3
d - Summon Forest         Summ/Tloc      20%        N/A       10%         5

Your spell library contained the following spells:

 Spells                   Type           Power      Damage    Failure   Level
 Gell's Gravitas          Tloc           31%        N/A       2%          3
 Lesser Beckoning         Tloc           31%        N/A       2%          3
 Teleport Other           Tloc           31%        N/A       2%          3
 Slow                     Hex            36%        N/A       7%          1
 Portal Projectile        Hex/Tloc       40%        N/A       8%          3
 Hailstorm                Conj/Ice       31%        3d8       9%          4
 Summon Cactus Giant      Summ           25%        N/A       21%         6
 Tukima's Dance           Hex            9%         N/A       22%         3
 Summon Mana Viper        Hex/Summ       29%        N/A       26%         5
 Dispel Undead            Necr           9%         3d8       56%         4
 Dispersal                Tloc           15%        N/A       78%         6
 Blade Hands              Tmut           4%         N/A       89%         5
 Conjure Ball Lightning   Conj/Air       4%         3x3d6     100%        6
 Death Channel            Necr           4%         N/A       100%        6
 Discord                  Hex            4%         N/A       100%        8
 Disjunction              Tloc           15%        N/A       100%        8
 Corpse Rot               Necr/Pois/Air  Unusable   N/A       N/A         4

Dungeon Overview and Level Annotations

Branches:
Dungeon (9/15) Zot: 24010  Temple (1/1) D:6 Zot: 5888    Lair (4/5) D:9 Zot: 18253
 Shoals (0/4) Lair:3       Spider (0/4) Lair:3      Ossuary (visited)
 Bailey (visited)
  Slime: Lair:4-5       Orc: D:9-12

Altars:
Ashenzari
Cheibriados
Dithmenos
Elyvilon
Fedhas
Gozag
Hepliaklqana
Kikubaaqudgha
Nemelex Xobeh
Okawaru
Qazlal
Ru
Sif Muna
Trog
Uskayaw
Vehumet
Wu Jian
Xom
Yredelemnul
Zin
The Shining One

Shops:
D:4 (   D:8 [[

Annotations:
D:7 exclusion: wight
D:9 exclusion: obsidian statue
Temple 2 transporters
Lair:4 Nessos


Innate Abilities, Weirdness & Mutations

You cannot wear most types of armour.
You are amphibious.
You can wear up to eight rings at the same time.
Your skin changes colour to match your surroundings (Stealth+).
Your rubbery body absorbs attacks. (AC +1, EV +1)
((You are camouflaged when in or above water. (Stealth+)))
You have tentacles for arms and can constrict up to eight enemies at once.


Message History

A komodo dragon is nearby!
Your dryad barely misses the komodo dragon.
The komodo dragon misses you.
Your dryad hits the komodo dragon but does no damage.
You see here 8 gold pieces.
You tentacle-slap the komodo dragon but do no damage.
Space becomes stable.
Your dryad disappears in a puff of smoke!
The vine falls limply to the ground.
The komodo dragon completely misses you.
You tentacle-slap the komodo dragon but do no damage.
The komodo dragon misses you.
Aim: a komodo dragon (lightly wounded)
You freeze the komodo dragon.
The komodo dragon seems to slow down.
The komodo dragon misses you.
Aim: a komodo dragon (lightly wounded, slow)
You freeze the komodo dragon. The komodo dragon bites you!
Aim: a komodo dragon (lightly wounded, slow)
You freeze the komodo dragon!
The komodo dragon is no longer moving slowly.
The komodo dragon bites you!
Aim: a komodo dragon (heavily wounded)
You freeze the komodo dragon.
The komodo dragon seems to slow down.
You miscast Summon Forest.
You are very lightly contaminated with residual magic.
Nothing appears to happen.
The komodo dragon hisses menacingly.
The komodo dragon bites you!
You closely miss the komodo dragon.
The komodo dragon is no longer moving slowly.
The komodo dragon bites you!!
* * * LOW HITPOINT WARNING * * *
A red film seems to cover your vision as you go berserk!
You feel yourself moving faster!
You feel mighty! The komodo dragon closely misses you.
You barely miss the komodo dragon. You tentacle-slap the komodo dragon.
You squeeze the komodo dragon. The komodo dragon barely misses you.
You barely miss the komodo dragon. The komodo dragon bites you!!
* * * LOW HITPOINT WARNING * * *
You are too berserk!
Unknown command.
You are too berserk!
Unknown command.
You tentacle-slap the komodo dragon.
You tentacle-slap the komodo dragon but do no damage.
The komodo dragon bites you!
You die...
Your body crumbles into a pile of gold.

# ##### ..#. #
##.#.###...### #
...##......#.....# .#
..................# ..
..................# ..
..................#
................@.........#
...............l...$......#
..^.................#.....#
..................$.......#
................).........#
..#.......................#
...P......................#
..........................#
#.................♣.......#


You could see a komodo dragon.

Vanquished Creatures
  A vault guard (Bailey)
  3 hydras
  Urug (Lair:2)
  Pikel (D:8)
  2 cane toads
  A black mamba (Lair:2)
  A rime drake (Lair:1)
  6 komodo dragons
  A merfolk (Lair:3)
  A slime creature (D:8)
  Prince Ribbit (Bailey)
  Grinder (D:3)
  A hornet (D:8)
  8 blink frogs (Lair:2)
  7 dream sheep (Lair:3)
  3 culicivoras (Lair:3)
  13 yaks
  Eustachio (D:4)
  3 wyverns
  The ghost of Nimbul the Sneak, an amateur DrEn (D:3)
  3 basilisks
  6 humans (Bailey)
  A steam dragon (D:7)
  7 water moccasins
  3 black bears
  5 orc warriors
  An ice beast (D:7)
  4 ogres
  3 centaurs
  5 kobold brigands
  15 bullfrogs
  4 necrophages
  2 gnoll sergeants
  9 wights
  22 killer bees
  A howler monkey (D:6)
  4 electric eels (D:8)
  A hound (D:5)
  9 jellies
  A gnoll bouda (D:8)
  3 orc priests
  8 iguanas
  2 human zombies (Ossuary)
  6 orc wizards
  3 mummies (Ossuary)
  16 gnolls
  10 adders
  An ufetubus (D:7)
  3 worms
  3 dart slugs
  16 orcs
  7 bats
  17 endoplasms
  A giant cockroach (D:4)
  9 goblins
  11 hobgoblins
  9 jackals
  8 quokkas
  6 ball pythons
  6 frilled lizards
  A goblin zombie (Ossuary)
  A hobgoblin zombie (Ossuary)
  30 kobolds
  3 kobold zombies (Ossuary)
  An orc zombie (Ossuary)
  A quokka zombie (D:5)
  5 rats
  A rat zombie (D:5)
351 creatures vanquished.

Vanquished Creatures (collateral kills)
  Josephine (Lair:4)
  A two-headed ogre (D:6)
  A komodo dragon (Lair:2)
  5 wraiths (Lair:4)
  3 necrophages (Lair:3)
  A shadow imp (D:6)
  An orc (D:6)
13 creatures vanquished.

Vanquished Creatures (others)
  29 fungi
  41 plants
70 creatures vanquished.

Grand Total: 434 creatures vanquished

Notes
Turn   | Place    | Note
-------+----------+-------------------------------------------
     0 | D:1      | GeoRichter the Octopode Ice Elementalist began the quest
                  | for the Orb.
     0 | D:1      | Reached XP level 1. HP: 11/11 MP: 3/3
   143 | D:1      | Reached XP level 2. HP: 12/17 MP: 3/5
   546 | D:1      | Found a faded altar of an unknown god.
   564 | D:1      | Got Plato's Incunable of Spellbinding
   997 | D:1      | Reached XP level 3. HP: 19/21 MP: 3/6
  1420 | D:2      | Learned a level 3 spell: Frozen Ramparts
  1424 | D:2      | Learned a level 3 spell: Ozocubu's Armour
  2007 | D:2      | Identified the +1 leather armour of the Leaf {rPois Will++
                  | Slay+2 Stlth+}
  2374 | D:3      | Reached XP level 4. HP: 27/27 MP: 6/8
  2504 | D:3      | Reached skill level 5 in Ice Magic
  3043 | D:3      | Noticed Grinder
  3414 | D:3      | Reached XP level 5. HP: 25/31 MP: 7/9
  3607 | D:3      | Found a runed translucent gate.
  3607 | D:3      | Found a runed translucent gate.
  3607 | D:3      | Found a runed translucent gate.
  3607 | D:3      | Noticed a kobold brigand
  3608 | D:3      | Noticed Nimbul's ghost (amateur DrEn)
  4010 | D:4      | Found a sacrificial altar of Ru.
  4020 | D:4      | Noticed Eustachio
  4278 | D:4      | Noticed an ogre
  4285 | D:4      | Killed an ogre
  4286 | D:4      | Reached XP level 6. HP: 36/36 MP: 3/11
  5095 | D:4      | Found Hipiokle's Weapon Boutique.
  5191 | D:5      | Entered Level 5 of the Dungeon
  5330 | D:5      | Reached XP level 7. HP: 38/41 MP: 8/13
  5642 | D:5      | Found a sand-covered staircase.
  5668 | Ossuary  | Entered an ossuary
  6376 | D:5      | Reached skill level 5 in Spellcasting
  6376 | D:5      | Reached XP level 8. HP: 16/46 MP: 5/15
  7543 | D:6      | Noticed a two-headed ogre
  7547 | D:6      | Reached skill level 1 in Fighting
  7547 | D:6      | Noticed a yak
  7551 | D:6      | Killed a two-headed ogre
  7552 | D:6      | Reached XP level 9. HP: 19/55 MP: 8/17
  7779 | D:6      | Found a staircase to the Ecumenical Temple.
  7802 | D:6      | Reached skill level 5 in Stealth
  7817 | Temple   | Entered the Ecumenical Temple
  7817 | Temple   | Found a transporter.
  7817 | Temple   | Found a transporter.
  7899 | Temple   | Found a transporter.
  7899 | Temple   | Found a transporter.
  7914 | Temple   | Became a worshipper of Gozag Ym Sagoz the Greedy
  8549 | D:6      | Found a snail-covered altar of Cheibriados.
  8549 | D:6      | Found a sparkling altar of Nemelex Xobeh.
  8550 | D:6      | Found a shimmering blue altar of Sif Muna.
  8563 | D:6      | Found a white marble altar of Elyvilon.
  8915 | D:4      | Killed Eustachio
  9290 | D:3      | Paralysed by Grinder for 5 turns
  9310 | D:3      | Killed Grinder
  9311 | D:3      | Reached skill level 10 in Ice Magic
  9488 | D:3      | Killed Nimbul's ghost
 10621 | D:7      | Reached XP level 10. HP: 8/63 MP: 2/19
 10622 | D:7      | Reached skill level 1 in Summonings
 10980 | D:7      | Found a glowing silver altar of Zin.
 12058 | D:8      | Reached skill level 5 in Dodging
 12214 | D:8      | Found a flagged portal.
 12248 | Bailey   | Entered a bailey
 12385 | Bailey   | Reached skill level 5 in Fighting
 12632 | Bailey   | Noticed a vault guard
 12640 | Bailey   | Noticed a vault guard
 12640 | Bailey   | Noticed Prince Ribbit
 12666 | Bailey   | Killed Prince Ribbit
 12671 | Bailey   | Killed a vault guard
 12672 | Bailey   | Reached skill level 5 in Summonings
 12672 | Bailey   | Reached XP level 11. HP: 22/72 MP: 1/22
 13100 | D:8      | Paralysed by a hornet for 2 turns
 13422 | D:8      | Found Vixerchu's Armour Shoppe.
 14186 | D:8      | Noticed a cyclops
 14187 | D:8      | Noticed a boulder beetle
 14188 | D:8      | Noticed a cyclops
 14192 | D:8      | Noticed a deep elf pyromancer
 14197 | D:8      | Found a bloodstained altar of Trog.
 14200 | D:8      | Found a stormy altar of Qazlal.
 14200 | D:8      | Found a blossoming altar of Fedhas.
 14404 | D:9      | Reached skill level 1 in Translocations
 14695 | D:9      | Noticed Pikel
 15025 | D:8      | Killed Pikel
 15727 | D:8      | Noticed a moth of wrath
 15770 | D:8      | a moth of wrath changed into a guardian serpent
 15772 | D:8      | Noticed a manticore
 15772 | D:8      | a guardian serpent changed into a manticore
 15852 | D:8      | Noticed a wolf spider
 15860 | D:8      | Learned a level 5 spell: Summon Forest
 15874 | D:8      | Noticed a sea snake
 15874 | D:8      | a wolf spider changed into a sea snake
 16734 | D:9      | Noticed an obsidian statue
 16790 | D:9      | Found a broken altar of Ashenzari.
 17146 | D:9      | Found a staircase to the Lair.
 17325 | Lair:1   | Entered Level 1 of the Lair of Beasts
 18519 | Lair:1   | Noticed a seven-headed hydra
 18567 | Lair:1   | Killed a seven-headed hydra
 18568 | Lair:1   | Reached XP level 12. HP: 78/80 MP: 16/24
 18574 | Lair:1   | Reached skill level 10 in Stealth
 18789 | Lair:2   | Noticed Urug
 18829 | Lair:2   | Noticed a four-headed hydra
 18889 | Lair:2   | Killed a four-headed hydra
 18989 | Lair:2   | Noticed an eight-headed hydra
 18997 | Lair:2   | Killed an eight-headed hydra
 19559 | Lair:2   | Killed Urug
 21037 | Lair:3   | Found a staircase to the Shoals.
 21635 | Lair:3   | Found a hole to the Spider Nest.
 21642 | Lair:3   | HP: 3/82 [culicivora (7)]
 22926 | Lair:4   | Noticed Nessos
 23015 | Lair:4   | Noticed Josephine
 23023 | Lair:4   | Killed Josephine
 23024 | Lair:4   | Reached skill level 5 in Translocations
 23024 | Lair:4   | Reached XP level 13. HP: 70/88 MP: 11/26
 23049 | Lair:4   | HP: 5/132 [komodo dragon (31)]
 23051 | Lair:4   | Slain by a komodo dragon

Illustrated notes

Levels and vault maps discovered:
D:1:      dpeg_arrival_subterranean_lakeside_camping, layout_basic,
          shapermc_ecumenical_altar_rom_forum
D:2:      layout_loops_corners
D:3:      layout_basic, gammafunk_ghost_nasty_kobolds, grunt_decor_fettered,
          minmay_fractal_squares_5, uniq_grinder
D:4:      layout_loops_ring, nicolae_ru_sacrificial_ziggurat, serial_shops,
          nicolae_shop_behind_doors, uniq_eustachio
D:5:      layout_loops_cross, enter_ossuary_4, serial_bayou_lake_a
D:6:      layout_cave_pools, nicolae_overflow_quartered_altars,
          minmay_temple_entry_offerings, minmay_chambers_of_fives
D:7:      layout_basic, mainiacjoe_overflow_catwalk
D:8:      lemuel_slime, layout_basic, grunt_temple_overflow_open,
          enter_bailey_8, kennysheep_diamond, chequers_serial_rivers_small_3,
          onia_ninara_dug_in_and_dangerous
D:9:      layout_cave_pools, nicolae_ashenzari_skybound,
          grunt_lair_entry_orc_guard_hut, serial_park_tiny_1, eino_tiny_chamber,
          minivault_15, uniq_pikel
Temple:   hellmonk_temple_divided_pantheon
Lair:1:   layout_roguey
Lair:2:   layout_chaotic_city, grunt_megastairs_1, uniq_urug
Lair:3:   layout_regular_city, elwin_shoals_entry_rooms,
          hellmonk_spider_entry_life_and_decay, roderic_carrion_pond
Lair:4:   layout_hall_layers, hellmonk_guarded_unrand_vines, uniq_josephine,
          uniq_nessos

Skill      XL: |  1  2  3  4  5  6  7  8  9 10 11 12 |
---------------+-------------------------------------+-----
Spellcasting   | 3 4 5 6 7 8 9 |  9.1
Ice Magic      | 5 6 8 9 10 | 10.3
Stealth        | 4 6 8 9 10 | 10.0
Fighting       | 2 4 5 6 8 |  8.0
Dodging        | 3 4 5 6 8 |  8.2
Summonings     | 5 7 9 |  9.6
Translocations | 2 5 |  5.1

Action                   |  1- 3 |  4- 6 |  7- 9 | 10-12 | 13-15 || total
-------------------------+-------+-------+-------+-------+-------++-------
Melee: Unarmed           |    10 |    27 |   122 |   290 |     8 ||   457
       Tentacles         |     4 |     4 |    39 |    91 |     1 ||   139
       Constrict         |     4 |     7 |    25 |    59 |       ||    95
       Punch             |       |       |     4 |     4 |       ||     8
Throw: Dart              |       |     2 |       |    16 |       ||    18
 Cast: Freeze            |    56 |    71 |    67 |   138 |     4 ||   336
       Ozocubu's Armour  |       |     6 |    20 |    65 |       ||    91
       Frozen Ramparts   |       |     6 |    19 |    79 |       ||   104
       Summon Forest     |       |       |       |     3 |       ||     3
Invok: Call Merchant     |       |       |       |     1 |       ||     1
       Potion Petition   |       |       |       |     1 |       ||     1
Evoke: Wand              |       |     2 |     5 |    10 |       ||    17
  Use: Potion            |       |     2 |     3 |     9 |     1 ||    15
       Scroll            |       |       |    15 |    16 |       ||    31
 Stab: Sleeping          |     3 |       |     5 |     1 |       ||     9
       Distracted        |       |       |       |     1 |       ||     1
Armor: Skin              |     4 |     9 |    33 |    76 |       ||   122
Dodge: Dodged            |    25 |    39 |    92 |   334 |     6 ||   496
